General information
- name: Local Game (timg5strok)
- type: Custom game
- host: timg5strok
- saver: timg5strok
map: EchoIsles
- players: 2
- length: 20:26
- speed: Fast
- version: 1.24 W3XP
- replay type: Public
» download(142 KB)
Players
team 1 (winner)
timg5strok (
gray | 184 APM | 3769 actions | 20:26)
4 Warden
2 Shadow Strike
2 Blink
4 Pandaren Brewmaster
2 Breath of Fire
1 Drunken Haze
1 Drunken Brawler
2 Goblin Alchemist
1 Acid Bomb
1 Chemical Rage
» actions
| Assign group hotkey | 32 | |
| Basic commands | 184 | |
| Build / train | 76 | |
| ESC pressed | 4 | |
| Enter build submenu | 15 | |
| Enter hero's abilities submenu | 10 | |
| Give item / drop item | 6 | |
| Right click | 1567 | |
| Select / deselect | 390 | |
| Select group hotkey | 1340 | |
| Use ability | 145 | |
3769 total
» units
| Wisp | 21 | |
| Archer | 4 | |
| Dryad | 12 | |
| Druid of the Claw | 3 | |
40 total
» upgrades
| Abolish Magic | 1 | |
| Druid of the Claw Training | 2 | |
| Well Spring | 1 | |
| Ultravision | 1 | |
| Strength of the Wild | 1 | |
6 total
» buildings
| Altar of Elders | 1 | |
| Moon Well | 7 | |
| Ancient of War | 1 | |
| Tree of Ages | 1 | |
| Hunter's Hall | 1 | |
| Ancient Protector | 1 | |
| Ancient of Lore | 2 | |
| Ancient of Wonders | 1 | |
| Tree of Eternity | 1 | |
16 total
» build order
00:04 Altar of Elders
00:17 Moon Well
00:28 Ancient of War
01:47 Moon Well
03:19 Tree of Ages
03:40 Moon Well
03:42 Hunter's Hall
05:29 Ancient Protector
05:47 Ancient of Lore
05:48 Ancient of Lore
06:07 Ancient of Wonders
06:37 Moon Well
07:37 Moon Well
08:56 Tree of Eternity
12:31 Moon Well
19:18 Moon Well
» items
| Boots of Speed | 1 | |
| Staff of Preservation | 2 | |
| Lesser Clarity Potion | 2 | |
| Orb of Venom | 1 | |
| Potion of Healing | 3 | |
| Dust of Appearance | 1 | |
| Scroll of Healing | 1 | |
| Potion of Lesser Invulnerability | 1 | |
| Scroll of Town Portal | 1 | |
| Moonstone | 1 | |
14 total
team 2 (loser)
Versus-Terminus (
yellow | 110 APM | 2253 actions | 20:25)
3 Death Knight
2 Death Coil
1 Unholy Aura
3 Lich
2 Frost Nova
1 Frost Armor
2 Dreadlord
1 Sleep
1 Vampiric Aura
» actions
| Assign group hotkey | 60 | |
| Basic commands | 5 | |
| Build / train | 69 | |
| Enter build submenu | 13 | |
| Enter hero's abilities submenu | 8 | |
| Give item / drop item | 7 | |
| Remove unit from queue | 3 | |
| Right click | 1136 | |
| Select / deselect | 393 | |
| Select group hotkey | 426 | |
| Use ability | 133 | |
2253 total
» units
| Acolyte | 4 | |
| Ghoul | 7 | |
| Crypt Fiend | 5 | |
| Obsidian Statue | 3 | |
| Abomination | 2 | |
21 total
» upgrades
» buildings
| Altar of Darkness | 1 | |
| Crypt | 1 | |
| Ziggurat | 5 | |
| Tomb of Relics | 1 | |
| Halls of the Dead | 1 | |
| Nerubian Tower | 1 | |
| Graveyard | 1 | |
| Slaughterhouse | 1 | |
| Black Citadel | 2 | |
14 total
» build order
00:05 Altar of Darkness
00:07 Crypt
00:24 Ziggurat
01:00 Tomb of Relics
01:19 Ziggurat
02:56 Halls of the Dead
03:27 Nerubian Tower
03:42 Graveyard
04:18 Ziggurat
05:58 Slaughterhouse
07:15 Ziggurat
09:06 Black Citadel
09:06 Black Citadel
12:22 Ziggurat
» items
| Rod of Necromancy | 4 | |
| Dust of Appearance | 1 | |
| Potion of Healing | 4 | |
| Scroll of Town Portal | 3 | |
| Orb of Corruption | 1 | |
| Scroll of Healing | 3 | |
| Potion of Mana | 6 | |
| Potion of Lesser Invulnerability | 1 | |
| Potion of Invisibility | 1 | |
24 total
Chat log
(00:43 / All) timg5strok: one sec
(00:45 / All) Versus-Terminus: go
(20:21 / All) timg5strok: LEAVE
(20:24 / All) Versus-Terminus: gg wp
(20:24 / All) Versus-Terminus: nerd